 Dungeon Crawl Stone Soup version 0.22-b1-59-g0aedee734a (webtiles) character file.

78 Kirk the Charmwright (level 4, 30/34 HPs)
             Began as a Demonspawn Skald on Aug 10, 2018.
             Quit the game on level 3 of the Dungeon.
             The game lasted 00:03:29 (1982 turns).

Kirk the Charmwright (Demonspawn Skald)             Turns: 1982, Time: 00:03:30

Health: 30/34      AC:  7    Str: 11    XL:     4   Next: 15%
Magic:  6/7        EV: 11    Int: 16    God:
Gold:   56         SH:  0    Dex: 12    Spells: 6/7 levels left

rFire    . . .     SeeInvis .   a - +0 hand axe
rCold    + . .     Gourm    .   (no shield)
rNeg     . . .     Faith    .   b - +0 leather armour
rPois    .         Spirit   .   e - +0 helmet
rElec    .         Reflect  .   m - +1 cloak
rCorr    .         Harm     .   k - +0 pair of gloves
MR       .....                  (no boots)
Stlth    +.........             (no amulet)
HPRegen  0.11/turn              i - ring of protection from cold
MPRegen  0.10/turn              (no ring)

@: very slightly contaminated
A: talons 1, demonic guardian 1
a: no special abilities


You were on level 3 of the Dungeon.
You were not hungry.

You visited 1 branch of the dungeon, and saw 3 of its levels.

You collected 56 gold pieces.

Inventory:

Hand Weapons
 a - a +0 hand axe (weapon)
Armour
 b - a +0 leather armour (worn)
 e - a +0 helmet (worn)
 k - a +0 pair of gloves (worn)
 m - a +1 cloak (worn)
Jewellery
 i - a ring of protection from cold (left hand)
Scrolls
 f - a scroll of remove curse
 g - 3 scrolls of identify
 j - a scroll of fog
Potions
 c - 2 potions of curing
 h - a potion of agility
 n - 2 potions of heal wounds
 o - 2 potions of magic
Comestibles
 d - 4 rations


   Skills:
 + Level 2.3 Fighting
 * Level 3.1 Axes
 - Level 0.8 Armour
 - Level 1.7 Dodging
 + Level 2.3 Spellcasting
 + Level 3.2 Charms


You had 6 spell levels left.
You knew the following spells:

 Your Spells              Type           Power        Failure   Level  Hunger
a - Infusion              Chrm           ##..         7%          1    #......

Your spell library contained the following spells:

 Spells                   Type           Power        Failure   Level  Hunger
 Regeneration             Chrm/Necr      #.........   38%         3    ###....
 Shroud of Golubria       Chrm/Tloc      #.........   21%         2    ###....
 Song of Slaying          Chrm           ##......     11%         2    ###....
 Spectral Weapon          Hex/Chrm       #.......     38%         3    ###....


Dungeon Overview and Level Annotations

Branches:
Dungeon (3/15)

Altars:
Elyvilon
The Shining One


Innate Abilities, Weirdness & Mutations

You have sharp toenails.
A weak demonic guardian rushes to your aid.


Message History

The gnoll throws a throwing net.
The throwing net hits you.
You become entangled in the net!
You see here a throwing net.
Casting: Infusion (safe; 7% risk of failure)
Confirm with . or Enter, or press ? or * to list all spells.
You miscast Infusion.
You are very lightly contaminated with residual magic.
Nothing appears to happen.
You are held in a net!
You are held in a net!
You struggle against the net.
The gnoll shouts!
You hear a shout! x2
The gnoll barely misses you.
You tear a large gash into the net.
The gnoll hits you from afar with a halberd.
You are held in a net!
You are held in a net!
Unknown command.
You rip the net and break free!
Are you sure you want to abandon this character and quit the game? (Confirm with "yes".)

...........'...>.....+.......##*,
#.......####.........####...## *,
#.......# ##.......## ##..####.
#.....#.# ##.....## #.......
#.......# ##...##** ##.#####
###.##### ##+#g..######.# #.*
#..g........#.# #,*
#..##...8.....### *,*
#5@##..8.8......# *,*
#######...#.8._.8.###.# *,*
#............8.8..###.# *,*
#.#####...#...8....##.# *,*****,*
#...#........##)# *,,,,,,,*
#.#.............# *********
#......########## ########


You could see 2 gnolls and a friendly ufetubus.

Vanquished Creatures
  A worker ant (D:2)
  An adder (D:2)
  2 oozes
  5 leopard geckos
  3 giant cockroaches
  5 goblins
  6 hobgoblins
  5 kobolds
  5 bats
  3 frilled lizards
  4 rats
40 creatures vanquished.

Vanquished Creatures (others)
  A quokka (D:2)
1 creature vanquished.

Grand Total: 41 creatures vanquished

Notes
Turn   | Place    | Note
-------+----------+-------------------------------------------
     0 | D:1      | Kirk the Demonspawn Skald began the quest for the Orb.
     0 | D:1      | Reached XP level 1. HP: 16/16 MP: 3/3
   232 | D:1      | Gained mutation: You have sharp toenails. [demonic ancestry]
   232 | D:1      | Reached XP level 2. HP: 16/22 MP: 5/5
   956 | D:1      | Reached XP level 3. HP: 21/27 MP: 6/6
  1278 | D:2      | Found a glowing golden altar of the Shining One.
  1393 | D:2      | Gained mutation: A weak demonic guardian rushes to your aid. [demonic ancestry]
  1393 | D:2      | Reached XP level 4. HP: 21/33 MP: 7/7
  1524 | D:2      | Found a white marble altar of Elyvilon.
  1953 | D:3      | Found a faded altar of an unknown god.
  1982 | D:3      | Quit the game

Skill      XL: |  1  2  3 |
---------------+----------+-----
Axes           | 2 3 |  3.1
Charms         | 3 |  3.2
Fighting       | |  2.3
Armour         | |  0.8
Dodging        | |  1.7
Spellcasting   | |  2.3

Action                   |  1- 3 |  4- 6 || total
-------------------------+-------+-------++-------
Melee: Hand axe          |   115 |    14 ||   129
       Kick              |    15 |     1 ||    16
 Cast: Infusion          |     5 |       ||     5
  Use: Potion            |     1 |       ||     1
       Scroll            |       |     8 ||     8
  Eat: Chunk             |     2 |       ||     2
       Ration            |       |     1 ||     1
Armor: Leather armour    |    49 |     7 ||    56
Dodge: Dodged            |    92 |    12 ||   104
